Map: [ESL] Ancient Cistern

Players

StarNaN

  • Race: Protoss Protoss
  • Spawn Location: 7:00

Harstem - Winner!

  • Race: Protoss Protoss
  • Spawn Location: 1:00

Event: ESL SC2 Masters 2023 Summer (Finals)

VOD

Have the link to the VOD?

Description

Time

  • Played on: June 16, 2023, 4:49 a.m.
  • Length: 8:48

All games in this series

Show
View Real Time Build Order
Export as new Build Order

StarNaN Protoss 

Build Orders: Phoenix Opening 

Get SALT Encoding   

  12  0:00  Probe  
  13  0:12  Probe  
  14  0:21  Pylon  
  14  0:24  Probe  
  15  0:39  Probe (Chrono Boost)  
  15  0:41  Gateway  
  16  0:48  Probe (Chrono Boost)  
  17  0:51  Assimilator  
  17  0:54  Probe  
  18  1:06  Probe (Chrono Boost)  
  19  1:15  Pylon  
  19  1:16  Assimilator  
  19  1:18  Probe (Chrono Boost)  
  20  1:23  Probe (Chrono Boost)  
  21  1:31  Cybernetics Core  
  21  1:33  Probe, Zealot  
  24  1:45  Probe  
  25  1:57  Probe  
  26  2:10  Adept  
  26  2:12  Stargate  
  28  2:17  Warp Gate  
  28  2:21  Pylon  
  28  2:26  Probe  
  29  2:33  Pylon  
  29  2:38  Probe  
  29  2:40  Stalker (Chrono Boost)  
  31  2:56  Phoenix  
  33  3:04  Nexus  
  33  3:12  Shield Battery  
  33  3:17  Probe  
  34  3:24  Phoenix (Chrono Boost)  
  36  3:33  Probe  
  35  3:40  Gateway  
  31  3:46  Shield Battery  
  32  3:49  Phoenix (Chrono Boost)  
  32  4:06  Adept  
  32  4:08  Probe  
  32  4:09  Phoenix (Chrono Boost)  
  37  4:19  Probe  
  37  4:20  Probe  
  39  4:31  Probe  
  40  4:32  Phoenix (Chrono Boost), Probe  
  43  4:39  Adept  
  43  4:42  Adept  
  43  4:43  Probe  
  43  4:44  Probe  
  49  4:50  Pylon  
  49  4:55  Probe, Phoenix  
  52  5:06  Probe  
  53  5:07  Probe  
  53  5:10  Pylon  
  54  5:18  Probe  
  54  5:19  Probe  
  54  5:21  Robotics Facility  
  54  5:30  Probe  
  54  5:31  Probe, Stalker x2  
  56  5:42  Probe  
  57  5:43  Probe  
  57  5:47  Pylon, Shield Battery  
  58  5:50  Assimilator  
  58  5:54  Probe, Gateway  
  58  5:55  Stalker, Sentry  
  63  6:00  Probe  
  58  6:11  Immortal (Chrono Boost)  
  56  6:13  Probe (Chrono Boost)  
  61  6:20  Probe (Chrono Boost)  
  61  6:25  Probe (Chrono Boost)  
  63  6:29  Stalker  
  63  6:30  Zealot  
  63  6:31  Probe (Chrono Boost)  
  64  6:50  Stalker  
  58  6:59  Immortal (Chrono Boost)  
  58  7:00  Probe  
  61  7:02  Zealot  
  61  7:14  Probe  
  58  7:17  Stalker x2  
  58  7:21  Probe  
  58  7:22  Gateway  
  61  7:25  Gateway  
  61  7:27  Forge  
  59  7:30  Cybernetics Core  
  57  7:42  Stalker x2  
  65  7:51  Probe  
  65  7:57  Pylon, Immortal (Chrono Boost)  
  66  8:04  Pylon  
  66  8:05  Pylon  
  66  8:12  Pylon  
  66  8:16  Stalker x2  
  64  8:23  Stalker x2  
  52  8:45  Stalker x2  
Show
View Real Time Build Order
Export as new Build Order

Harstem Protoss - Winner!

Build Orders: Oracle Opening 

Get SALT Encoding   

  12  0:00  Probe  
  13  0:12  Probe  
  14  0:17  Pylon  
  14  0:24  Probe (Chrono Boost)  
  15  0:36  Probe (Chrono Boost), Gateway  
  16  0:44  Probe (Chrono Boost)  
  16  0:46  Assimilator  
  17  0:51  Probe  
  17  0:55  Assimilator  
  18  1:03  Probe (Chrono Boost)  
  19  1:08  Gateway  
  19  1:13  Probe (Chrono Boost)  
  19  1:18  Probe (Chrono Boost)  
  20  1:24  Cybernetics Core  
  21  1:31  Probe  
  22  1:36  Pylon  
  22  1:43  Probe  
  23  1:55  Probe  
  24  2:02  Adept x2  
  24  2:05  Stargate  
  28  2:12  Probe  
  29  2:17  Pylon  
  29  2:22  Pylon  
  29  2:29  Warp Gate  
  29  2:36  Stalker  
  31  2:44  Probe  
  34  2:46  Oracle (Chrono Boost)  
  35  2:56  Probe  
  38  3:06  Pylon  
  38  3:19  Nexus  
  36  3:25  Shield Battery  
  36  3:37  Probe, Oracle (Chrono Boost)  
  40  3:47  Twilight Council  
  40  3:49  Probe  
  41  4:01  Probe  
  42  4:08  Gateway  
  42  4:13  Probe  
  41  4:23  Blink (Chrono Boost), Stalker  
  41  4:24  Stalker  
  41  4:25  Probe  
  42  4:32  Probe  
  42  4:37  Probe  
  44  4:44  Probe  
  45  4:47  Stalker x2  
  45  4:49  Probe  
  50  4:56  Pylon  
  50  4:57  Probe  
  51  5:03  Stalker  
  51  5:04  Probe  
  54  5:10  Stalker x2  
  54  5:12  Probe  
  59  5:16  Probe  
  60  5:24  Probe  
  60  5:25  Shield Battery  
  58  5:28  Probe  
  58  5:29  Stalker  
  58  5:34  Stalker  
  63  5:37  Assimilator  
  63  5:38  Pylon  
  63  5:39  Stalker  
  63  5:40  Probe  
  61  5:43  Probe  
  62  5:52  Probe, Stalker  
  62  5:55  Probe  
  66  6:10  Stalker x2  
  70  6:19  Probe x2  
  70  6:22  Pylon  
  70  6:24  Nexus  
  72  6:27  Stalker  
  72  6:31  Probe x2  
  76  6:32  Pylon  
  76  6:41  Stalker x2  
  74  6:52  Probe  
  67  6:55  Stalker  
  67  6:56  Probe  
  67  6:58  Forge  
  68  7:04  Probe  
  68  7:05  Stalker x2  
  68  7:08  Probe (Chrono Boost)  
  74  7:16  Probe (Chrono Boost)  
  74  7:20  Probe (Chrono Boost)  
  74  7:21  Stalker  
  78  7:27  Probe (Chrono Boost)  
  78  7:28  Probe (Chrono Boost)  
  80  7:32  Probe (Chrono Boost)  
  80  7:34  Probe, Stalker x2, Photon Cannon  
  86  7:38  Robotics Facility  
  86  7:46  Probe, Stalker  
  86  7:48  Gateway  
  86  7:51  Probe  
  90  8:03  Probe  
  90  8:05  Stalker x2  
  95  8:06  Probe x2  
  95  8:08  Assimilator  
  95  8:09  Pylon  
  97  8:26  Probe  
  94  8:28  Stalker x2  
  94  8:30  Probe  
  87  8:41  Nexus  
  87  8:43  Pylon  
  87  8:45  Stalker x2  
  90  8:48  Gateway  
Tags
 
Add a new tag
Caveats
  • Supply blocks, unpowered buildings, or Contaminate may cause inaccurate times.
  • Supply counts are checked every 10 seconds.